 Dungeon Crawl Stone Soup version 0.21.1-1-g345015f (webtiles) character file.

665 wojtek the Cleaver (level 7, -11/59 HPs)
             Began as a Minotaur Fighter on July 29, 2018.
             Mangled by an ogre
             ... wielding a +0 giant club
              (21 damage)
             ... on level 3 of the Dungeon.
             The game lasted 00:04:02 (3520 turns).

wojtek the Cleaver (Minotaur Fighter)               Turns: 3520, Time: 00:04:02

Health: -11/59     AC:  7    Str: 23    XL:     7   Next: 31%
Magic:  7/7        EV:  8    Int:  5    God:
Gold:   172        SH:  9    Dex:  9    Spells: 6/6 levels left

rFire    . . .     SeeInvis .   a - +0 war axe
rCold    . . .     Gourm    .   c - +0 shield
rNeg     . . .     Faith    .   b - +0 scale mail
rPois    .         Spirit   .   (helmet restricted)
rElec    .         Reflect  .   (no cloak)
rCorr    .         Harm     .   (no gloves)
MR       .....                  (no boots)
Stlth    ..........             (no amulet)
HPRegen  0.19/turn              (no ring)
MPRegen  0.10/turn              (no ring)

@: no status effects
A: retaliatory headbutt, horns 2
a: no special abilities


You were on level 3 of the Dungeon.
You were hungry.

You visited 1 branch of the dungeon, and saw 4 of its levels.

You collected 172 gold pieces.

Inventory:

Hand Weapons
 a - a +0 war axe (weapon)
Missiles
 m - a throwing net (quivered)
Armour
 b - a +0 scale mail (worn)
 c - a +0 shield (worn)
Wands
 k - a wand of random effects (36)
 l - a wand of digging (16)
Scrolls
 e - a scroll of random uselessness {unknown}
 h - 3 scrolls of identify {unknown}
 o - a scroll of enchant armour {unknown}
 p - 2 scrolls of magic mapping {unknown}
Potions
 d - a potion of might
 g - a potion of agility {unknown}
 j - a potion of lignification {unknown}
 n - a potion of heal wounds {unknown}
 q - a potion of curing {unknown}
Comestibles
 f - 8 rations
 i - 2 chunks of flesh


   Skills:
 + Level 4.2 Fighting
 + Level 8.3 Axes
 + Level 4.4 Armour
 + Level 1.9 Dodging
 + Level 4.3 Shields
 + Level 1.4 Evocations


You had 6 spell levels left.
You didn't know any spells.

Dungeon Overview and Level Annotations

Branches:
Dungeon (4/15)
 Temple: D:4-7

Altars:
Ru
Xom


Innate Abilities, Weirdness & Mutations

You reflexively headbutt those who attack you in melee.
You have a pair of horns on your head.


Message History

There is a stone staircase leading up here.
The ogre hits you with a giant club!
You climb upwards.
There is a stone staircase leading down here.
You slash the ogre!
The ogre is moderately wounded.
Your shield prevents you from hitting the ogre.
The ogre is moderately wounded.
You block the ogre's attack.
You slash the ogre!
The ogre is severely wounded.
You block the ogre's attack.
You barely miss the ogre.
The ogre is severely wounded.
The ogre hits you with a giant club!!
* * * LOW HITPOINT WARNING * * *
You hit the ogre.
The ogre is almost dead.
The ogre hits you with a giant club!!
You die...

#.# ######...##..##...........#.
#.#### #........##...#..##)..#.
#....## ##........##.#....)..#...
#.....###.........##.#....)#)###.
.......##.........##.#...##..# ##
..................##....##..## #.
........#####>#....#...###.#####.
#.....### #.........###........
.......# ##..@.##.####..####..
.......# ###..O..<......## ##..
......)#####..............# #..#
#...(.#.........#.........# #.##
##...##.........#.........## #.#
#.####....................###.#
##.####...........#....###.....##
....##............#.#.#######....
...............#.......)...#.....


You could see an ogre.

Vanquished Creatures
  A sky beast (D:2)
  A centaur (D:3)
  The ghost of poxu the Magician, an amateur GrWz (D:3)
  3 orc priests
  5 orc wizards
  A worker ant (D:3)
  4 gnolls (D:3)
  3 adders
  An ooze (D:4)
  4 worms
  3 dart slugs
  A leopard gecko (D:1)
  9 orcs
  6 bats
  5 giant cockroaches
  8 goblins
  10 hobgoblins
  2 jackals (D:4)
  5 kobolds
  4 quokkas
  4 ball pythons
  3 frilled lizards
  2 rats (D:2)
86 creatures vanquished.

Notes
Turn   | Place    | Note
-------+----------+-------------------------------------------
     0 | D:1      | wojtek the Minotaur Fighter began the quest for the Orb.
     0 | D:1      | Reached XP level 1. HP: 19/19 MP: 0/0
    91 | D:1      | Reached skill level 3 in Axes
   222 | D:1      | Reached XP level 2. HP: 26/26 MP: 1/1
   703 | D:1      | Reached skill level 4 in Axes
  1037 | D:2      | Reached XP level 3. HP: 31/31 MP: 2/2
  1239 | D:2      | Reached skill level 5 in Axes
  1419 | D:2      | Reached XP level 4. HP: 38/39 MP: 3/3
  1557 | D:2      | Noticed a sky beast
  1579 | D:2      | Killed a sky beast
  1579 | D:2      | Reached skill level 6 in Axes
  1579 | D:2      | Reached XP level 5. HP: 31/45 MP: 4/4
  1772 | D:2      | Found a sacrificial altar of Ru.
  2021 | D:3      | Noticed poxu's ghost (amateur GrWz)
  2130 | D:3      | Reached skill level 7 in Axes
  2308 | D:3      | Noticed a centaur
  2318 | D:3      | Killed a centaur
  2318 | D:3      | Reached XP level 6. HP: 18/51 MP: 5/5
  2608 | D:3      | Reached skill level 8 in Axes
  2657 | D:3      | Killed poxu's ghost
  3102 | D:3      | Reached skill level 1 in Dodging
  3156 | D:4      | Reached skill level 1 in Evocations
  3169 | D:4      | Reached XP level 7. HP: 52/59 MP: 6/6
  3213 | D:4      | Found a shimmering altar of Xom.
  3520 | D:3      | Mangled by an ogre

Skill      XL: |  1  2  3  4  5  6 |
---------------+-------------------+-----
Axes           | 3 4 5 6 7 8 |  8.3
Armour         | 4 |  4.4
Dodging        | 1 |  1.9
Shields        | 4 |  4.3
Fighting       | 4 |  4.2
Evocations     | 1 |  1.4

Action                   |  1- 3 |  4- 6 |  7- 9 || total
-------------------------+-------+-------+-------++-------
Melee: War axe           |    79 |   115 |    43 ||   237
       Headbutt          |    11 |    21 |     1 ||    33
  Eat: Chunk             |     2 |     5 |     1 ||     8
Armor: Scale mail        |    26 |    47 |    10 ||    83
Dodge: Dodged            |    25 |    29 |    15 ||    69
Block: Shield            |    36 |    45 |    18 ||    99
